[Event "Early-Titled-Tuesday-Blitz-October-24-2023"]
[Site "Chess.com"]
[Date "2023.10.24"]
[Round "11"]
[White "Kildepiotr"]
[Black "vishwa_vijeta"]
[Result "1-0"]
[WhiteElo "2651"]
[BlackElo "2524"]
[TimeControl "180+1"]
[EndTime "10:01:12 PDT"]
[Termination "Kildepiotr won by resignation"]

1. Nf3 c5 2. e4 d6 3. Bb5+ Bd7 4. Bxd7+ Qxd7 5. O-O Nc6 6. c3 d5 7. exd5 Qxd5 8. d4 e6 9. Qe2 cxd4 10. Rd1 Bc5 11. cxd4 Bb4 12. Nc3 Bxc3 13. bxc3 Nge7 14. c4 Qd6 15. d5 exd5 16. cxd5 O-O-O 17. Bg5 Nxd5 18. Bxd8 Rxd8 19. Qe4 g6 20. Ng5 f5 21. Qe6+ Qxe6 22. Nxe6 Rd6 23. Nf4 Nce7 24. Rd4 g5 25. Nxd5 Rxd5 26.
Rxd5 Nxd5 27. Rd1 Nf6 28. Rd6 Ne4 29. Rd5 f4 30. f3 Nf6 31. Rxg5 a6 32. Rf5 Nd7 33.
Rxf4 b5 34. Kf2 Nc5 35. Ke3 Ne6 36. Re4 Kd7 37. f4 Kd6 38. f5 Nc5 39. Re8 Nd7 40. g4 Ne5 41. Kf4 Nd3+ 42. Kg5 Nc1 43. f6 1-0

[Event "Early-Titled-Tuesday-Blitz-October-24-2023"]
[Site "Chess.com"]
[Date "2023.10.24"]
[Round "11"]
[White "GMSrinath"]
[Black "Boundless_Strike"]
[Result "0-1"]
[WhiteElo "2797"]
[BlackElo "2647"]
[TimeControl "180+1"]
[EndTime "10:01:17 PDT"]
[Termination "Boundless_Strike won by resignation"]

1. d4 e5 2. dxe5 d6 3. Nf3 Bg4 4. exd6 Bxd6 5. Nbd2 Nc6 6. g3 Qe7 7. Bg2 O-O-O 8. O-O Nf6 9. c3 h5 10. Qa4 h4 11. Nc4 hxg3 12. hxg3 Qxe2 13. Re1 Qxf3 14.
Nxd6+ cxd6 15. Bg5 Ne5 16. Re3 Qf5 17. f4 Nf3+ 18. Bxf3 Bxf3 19. Rxf3 Qh3 20. Kf2 Qh2+ 21. Ke3 Rhe8+ 0-1

[Event "Early-Titled-Tuesday-Blitz-October-24-2023"]
[Site "Chess.com"]
[Date "2023.10.24"]
[Round "11"]
[White "tarno17"]
[Black "Nekoo04"]
[Result "1-0"]
[WhiteElo "2145"]
[BlackElo "2280"]
[TimeControl "180+1"]
[EndTime "10:01:19 PDT"]
[Termination "tarno17 won on time"]

1. e4 c5 2. Nf3 d6 3. Bb5+ Bd7 4.
Bxd7+ Qxd7 5. O-O Nc6 6. d4 cxd4 7. Nxd4 Nf6 8. Re1 g6 9. c3 Bg7 10. Nd2 O-O 11. Nf1 Rac8 12. Ng3 Nxd4 13. Qxd4 b5 14. Bg5 Rc4 15. Qd3 Ng4 16. f4 h6 17. Bh4 Rfc8 18. Rad1 b4 19. h3 g5 20. fxg5 1-0

[Event "Early-Titled-Tuesday-Blitz-October-24-2023"]
[Site "Chess.com"]
[Date "2023.10.24"]
[Round "11"]
[White "Chernov_Mikhail"]
[Black "ImBushchess"]
[Result "1-0"]
[WhiteElo "2408"]
[BlackElo "2250"]
[TimeControl "180+1"]
[EndTime "10:01:21 PDT"]
[Termination "Chernov_Mikhail won by resignation"]

1. e4 d6 2. d4 g6 3. Nc3 Bg7 4. Be3 a6 5. Qd2 b5 6. a4 b4 7. Nd1 a5 8. c3 Na6 9. f3 Nf6 10.
Bb5+ Kf8 11. Ne2 Bb7 12. O-O c6 13. Bd3 c5 14. Nf2 Qc8 15. Rac1 Nd7 16. f4 d5 17.
e5 c4 18. Bb1 b3 19. f5 gxf5 20. Bxf5 e6 21. Bxe6 fxe6 22. Ne4+ Kg8 23. Nd6 Qc7 24. Bh6 Nf8 25. Rf7 Qxf7 26. Nxf7 Kxf7 27. Rf1+ Kg8 28.
Qf4 1-0

[Event "Early-Titled-Tuesday-Blitz-October-24-2023"]
[Site "Chess.com"]
[Date "2023.10.24"]
[Round "11"]
[White "RNG2200"]
[Black "Apocalyps999"]
[Result "0-1"]
[WhiteElo "2159"]
[BlackElo "2288"]
[TimeControl "180+1"]
[EndTime "10:01:21 PDT"]
[Termination "Apocalyps999 won on time"]

1. d4 d5 2. Bg5 h6 3. Bh4 c5 4. c3 Nc6 5. e3 cxd4 6. exd4 Nf6 7. Bxf6 gxf6 8. g3 e5 9. Ne2 Bg7 10. Bg2 Be6 11. O-O Qb6 12. Qb3 exd4 13. Qxb6 axb6 14. Nxd4 Nxd4 15. cxd4 f5 16. Rd1 f4 17.
Nc3 fxg3 18. hxg3 O-O-O 19. Rac1 Kb8 20. Nb5 h5 21. Rc3 h4 22. gxh4 Rxh4 23. Rg3 Bf6 24. Rc3 Rg8 25. Kf1 Rhg4 26. Rg3 Rxg3 27.
fxg3 Rxg3 28. Nc3 Rg5 0-1

[Event "Early-Titled-Tuesday-Blitz-October-24-2023"]
[Site "Chess.com"]
[Date "2023.10.24"]
[Round "11"]
[White "howitzer14"]
[Black "Magila31"]
[Result "1-0"]
[WhiteElo "2929"]
[BlackElo "2408"]
[TimeControl "180+1"]
[EndTime "10:01:27 PDT"]
[Termination "howitzer14 won by resignation"]

1. e4 g6 2. d4 Bg7 3. Nc3 d6 4. Bf4 Nc6 5. Nge2 e5 6. dxe5 Nxe5 7. Ng3 h5 8. Be2 h4 9. Nf1 h3 10. g3 Nf6 11. Qd2 Be6 12. O-O-O Nfg4 13. f3 Nf6 14. g4 Nfd7 15. Ne3 Nb6 16. a4 Qd7 17. a5 Nbc4 18. Bxc4 Nxc4 19. Nxc4 Bxc4 20. e5 d5 21. b3 Ba6 22. Nxd5 O-O-O 23. Qe3 Qe6 24. Qxa7 Rxd5 25. Rxd5 Qxd5 26. Rd1 1-0

[Event "Early-Titled-Tuesday-Blitz-October-24-2023"]
[Site "Chess.com"]
[Date "2023.10.24"]
[Round "11"]
[White "jcibarra"]
[Black "Sanan_Sjugirov"]
[Result "0-1"]
[WhiteElo "2918"]
[BlackElo "2958"]
[TimeControl "180+1"]
[EndTime "10:01:28 PDT"]
[Termination "Sanan_Sjugirov won by resignation"]

1. e4 e6 2. d4 d5 3. Nc3 Nf6 4. Bg5 dxe4 5. Nxe4 Be7 6. Bxf6 Bxf6 7. Nf3 O-O 8. Qd2 Bd7 9. O-O-O Bc6 10. Nxf6+ Qxf6 11. Ne5 Nd7 12. Nxd7 Bxd7 13. f4 Rfd8 14. Qe3 Bc6 15. Rg1 Rd7 16. g4 Rad8 17. c3 Bd5 18. Bb5 c6 19.
Bd3 Bxa2 20. g5 Qe7 21. Rg3 g6 22. Bc2 c5 23. dxc5 Rxd1+ 24. Bxd1 Qd7 25. Bc2 Qd5 26. Rg1 Bb3 27. Bxb3 Qxb3 28. Qe2 Qa4 29. Qe3 Rd5 30. Kb1 Qc4 31. c6 bxc6 32. Qxa7 Qxf4 33. Qa8+ Kg7 34.
Qxc6 Qe4+ 0-1

[Event "Early-Titled-Tuesday-Blitz-October-24-2023"]
[Site "Chess.com"]
[Date "2023.10.24"]
[Round "11"]
[White "cristiano78"]
[Black "giomar27"]
[Result "0-1"]
[WhiteElo "2251"]
[BlackElo "2365"]
[TimeControl "180+1"]
[EndTime "10:01:28 PDT"]
[Termination "giomar27 won by resignation"]

1. d4 Nf6 2. c4 c5 3. d5 b5 4.
cxb5 a6 5. bxa6 g6 6. Nc3 Bg7 7. g3 d6 8. Bg2 Nbd7 9. Nf3 Bxa6 10. O-O Nb6 11. Qd2 Bc4 12. Nh4 O-O 13. Re1 Nfd7 14.
e4 Ne5 15. b3 Bxb3 16. Bb2 Nec4 17. Qe2 Nxb2 18. Qxb2 Na4 19. Qxb3 Bxc3 20. Rac1 Bxe1 21.
Rxe1 Qa5 22. Qe3 Qc3 23. Qe2 Rfb8 24. e5 Rb2 25. Qd1 Qd2 26. exd6 Qxd1 27. Rxd1 exd6 28. Nf3 Nc3 29. Re1 Raxa2 30. Ng5 Re2 31. Rc1 Rxf2 0-1

[Event "Early-Titled-Tuesday-Blitz-October-24-2023"]
[Site "Chess.com"]
[Date "2023.10.24"]
[Round "11"]
[White "N4700000"]
[Black "rajesh1464"]
[Result "1-0"]
[WhiteElo "2554"]
[BlackElo "2354"]
[TimeControl "180+1"]
[EndTime "10:01:31 PDT"]
[Termination "N4700000 won by resignation"]

1. e4 c5 2. Nf3 d6 3. Bb5+ Nd7 4. a4 a6 5. Be2 g6 6. d4 Bg7 7. d5 Ngf6 8. Nc3 O-O 9. O-O Rb8 10. h3 Ne8 11. Bf4 Nc7 12. a5 b6 13.
axb6 Rxb6 14. Ra2 Nb5 15. Na4 Rb8 16. c3 Ne5 17. Bxe5 dxe5 18. Nxc5 Qd6 19. Nd3 f5 20.
Nb4 fxe4 21. Ng5 Bf5 22. Rxa6 Qc7 23. Nc6 Rb7 24. Bxb5 Rxb5 25. b4 h6 26. Ne6 Bxe6 27. dxe6 Rb6 28. Nxe7+ Kh7 29. Nd5 1-0

[Event "Early-Titled-Tuesday-Blitz-October-24-2023"]
[Site "Chess.com"]
[Date "2023.10.24"]
[Round "11"]
[White "deepfear"]
[Black "OLDTERMINATOR"]
[Result "0-1"]
[WhiteElo "1786"]
[BlackElo "1710"]
[TimeControl "180+1"]
[EndTime "10:01:31 PDT"]
[Termination "OLDTERMINATOR won on time"]

1. e4 e6 2. Nf3 d5 3. e5 c5 4. b4 cxb4 5. d4 Nc6 6. a3 Bd7 7. axb4 Bxb4+ 8. c3 Be7 9. Bd3 b5 10. Bxb5 Nxe5 11. Bxd7+ Nxd7 12. O-O Ngf6 13. Ba3 Bxa3 14. Rxa3 Qc7 15. Re1 O-O 16. Ne5 Nxe5 17. dxe5 Nd7 18. Qd4 Rfc8 19. f4 Qc5 20. h3 a5 21. Rb3 Qxd4+ 22.
cxd4 Rcb8 23. Ra3 Nb6 24. Nc3 Nc4 25. Ra4 Rb4 26. Rea1 Rxa4 27. Rxa4 Rb8 28. f5 h6 29. g4 Rb3 0-1

[Event "Early-Titled-Tuesday-Blitz-October-24-2023"]
[Site "Chess.com"]
[Date "2023.10.24"]
[Round "11"]
[White "Szparu"]
[Black "dimitrisl"]
[Result "1-0"]
[WhiteElo "2702"]
[BlackElo "2576"]
[TimeControl "180+1"]
[EndTime "10:01:35 PDT"]
[Termination "Szparu won by resignation"]

1. e4 e5 2. Nf3 Nc6 3. Nc3 Nf6 4. Bb5 Nd4 5. Bc4 c6 6. Nxe5 d5 7. exd5 Bd6 8. Nf3 Bg4 9. Be2 Bxf3 10. Bxf3 O-O 11.
O-O cxd5 12. Bxd5 Nxd5 13. Nxd5 Bxh2+ 14. Kxh2 Qxd5 15. c3 Qd6+ 16. Kg1 Ne6 17. d4 f5 18. Qf3 f4 19. Re1 Ng5 20. Qg4 Qf6 21.
Bd2 g6 22. Re5 h6 23. Rae1 Rf7 24. d5 Raf8 25. c4 Kh7 26. Bc3 Qd8 27. d6 Qxd6 28. Rxg5 f3 29. Rd5 1-0

[Event "Early-Titled-Tuesday-Blitz-October-24-2023"]
[Site "Chess.com"]
[Date "2023.10.24"]
[Round "11"]
[White "SashaKuzhilniy"]
[Black "Mikhail_Golubev"]
[Result "0-1"]
[WhiteElo "2637"]
[BlackElo "2564"]
[TimeControl "180+1"]
[EndTime "10:01:42 PDT"]
[Termination "Mikhail_Golubev won by resignation"]

1. b3 d6 2. Bb2 Nd7 3. d4 Ngf6 4. g3 g6 5. Bg2 Bg7 6. Nf3 O-O 7. O-O a5 8. a3 a4 9. b4 d5 10. Nbd2 Nb6 11.
Ne5 c6 12. c4 dxc4 13. Ndxc4 Nxc4 14. Nxc4 Be6 15. Rc1 Bd5 16. f3 Bxc4 17. Rxc4 Nd5 18. Qc1 Qd6 19. Rd1 Rfd8 20. e4 Nb6 21. Rc5 e5 22. f4 exf4 23. Qxf4 Qe6 24. Ba1 Qb3 25.
Qf3 Rd7 26. Qxb3 axb3 27. Bh3 Rxa3 28. Bxd7 Rxa1 29. Rxa1 Bxd4+ 30. Kg2 Bxa1 31. Rc1 b2 32. Rd1 Nxd7 33. Kf3 Nb6 34. Ke2 Nc4 35. Kd3 Na3 0-1

[Event "Early-Titled-Tuesday-Blitz-October-24-2023"]
[Site "Chess.com"]
[Date "2023.10.24"]
[Round "11"]
[White "NovozhilovSemen"]
[Black "Nyzhnyk_Illia"]
[Result "1-0"]
[WhiteElo "2727"]
[BlackElo "2842"]
[TimeControl "180+1"]
[EndTime "10:01:43 PDT"]
[Termination "NovozhilovSemen won by resignation"]

1. d4 d5 2. c4 c6 3. cxd5 cxd5 4. Bg5 Nc6 5. Nc3 h6 6. Bh4 g5 7. Bg3 Bg7 8. e3 Bf5 9. Qb3 Nf6 10. Qxb7 Bd7 11. Bc7 Qc8 12. Qxc8+ Rxc8 13. Bg3 Nb4 14. Rc1 Ne4 15. a3 Nxc3 16. axb4 Na2 17. Rxc8+ Bxc8 18. b5 e6 19. Bb8 Kd7 20. Bxa7 Bb7 21. Bc5 Nc1 22.
Nf3 Ra8 23. Ba3 Rc8 24. Be2 Rc2 25. Nd2 e5 26. Kd1 Rc7 27. b6 1-0

[Event "Early-Titled-Tuesday-Blitz-October-24-2023"]
[Site "Chess.com"]
[Date "2023.10.24"]
[Round "11"]
[White "venturov"]
[Black "profedechess93"]
[Result "1-0"]
[WhiteElo "2521"]
[BlackElo "2601"]
[TimeControl "180+1"]
[EndTime "10:01:49 PDT"]
[Termination "venturov won by resignation"]

1. e4 e6 2. d4 d5 3. Nd2 Be7 4. Ngf3 Nf6 5. e5 Nfd7 6. Bd3 c5 7. c3 Nc6 8. O-O a5 9. a4 cxd4 10. cxd4 Nb4 11. Bb1 b6 12. Re1 Ba6 13. Nf1 Rc8 14.
Ng3 h5 15. h3 b5 16. axb5 Bxb5 17.
Bd2 Nb8 18. Bc3 N8c6 19. Qd2 g5 20. Nh2 Qb6 21. Qd1 h4 22. Nh5 Kd7 23. Nf6+ Kc7 24. Nhg4 Kb7 25. Qd2 Rc7 26. Rd1 Qa6 27. Re1 Qb6 28. Kh2 Ra8 29. Rd1 Qa6 30. Re1 Qb6 31.
Re3 a4 32. Re1 Na6 33. Bc2 Ncb4 34. Bxa4 1-0

[Event "Early-Titled-Tuesday-Blitz-October-24-2023"]
[Site "Chess.com"]
[Date "2023.10.24"]
[Round "11"]
[White "wild3000"]
[Black "Mr_Lion22"]
[Result "0-1"]
[WhiteElo "2371"]
[BlackElo "2486"]
[TimeControl "180+1"]
[EndTime "10:01:54 PDT"]
[Termination "Mr_Lion22 won on time"]

1. e4 c5 2. Nf3 d6 3. Bc4 Nf6 4.
d3 a6 5. a4 Nc6 6. O-O g6 7.
Re1 Bg7 8. Nc3 O-O 9. Bg5 h6 10. Bh4 Rb8 11. Rb1 e6 12. e5 dxe5 13. Nxe5 Nd4 14.
Ne4 g5 15. Nxg5 hxg5 16. Bxg5 Qc7 17. c3 Nf5 18. Qf3 b5 19. axb5 axb5 20. Bb3 Bb7 21. Qh3 Nd6 22. Re3 c4 0-1

[Event "Early-Titled-Tuesday-Blitz-October-24-2023"]
[Site "Chess.com"]
[Date "2023.10.24"]
[Round "11"]
[White "AsselLesbekova"]
[Black "topin8"]
[Result "1-0"]
[WhiteElo "2280"]
[BlackElo "2437"]
[TimeControl "180+1"]
[EndTime "10:01:55 PDT"]
[Termination "AsselLesbekova won on time"]

1. e4 c6 2. d4 d5 3. e5 Bf5 4. Nd2 e6 5. Nb3 Nd7 6. Be3 Ne7 7. f4 Bg6 8. Nf3 Nf5 9. Bf2 h5 10.
Bd3 Be7 11. Rc1 Rc8 12. c4 dxc4 13. Bxc4 Nb6 14. Bd3 Nd5 15. g3 Bb4+ 16. Ke2 h4 17. a3 Be7 18. Qd2 Bh5 19. Rhg1 hxg3 20. hxg3 Bg4 21.
Rh1 Kd7 22. Qa5 Qxa5 23. Nxa5 Rxh1 24. Rxh1 b6 25. Nb3 Kc7 26. Be4 Rd8 27. Rh7 Rg8 28. Kd3 1-0

[Event "Early-Titled-Tuesday-Blitz-October-24-2023"]
[Site "Chess.com"]
[Date "2023.10.24"]
[Round "11"]
[White "ContrVersia"]
[Black "ellatambien"]
[Result "0-1"]
[WhiteElo "2862"]
[BlackElo "2636"]
[TimeControl "180+1"]
[EndTime "10:02:04 PDT"]
[Termination "ellatambien won by resignation"]

1. Nf3 d5 2. c4 e6 3. b3 Be7 4. g3 Bf6 5. d4 c5 6. e3 Nc6 7.
Bb2 cxd4 8. exd4 Nge7 9. c5 b6 10. cxb6 Qxb6 11. Bd3 Bd7 12. Bc2 O-O 13. O-O Rfc8 14.
Na3 Nb4 15. Re1 a5 16. Ne5 Be8 17. Rc1 Nxa2 18. Bxh7+ Kxh7 19. Rxc8 Rxc8 20. Qb1+ Kg8 21.
Qxa2 Nf5 22. Rd1 Bxe5 23. dxe5 Bc6 24. Nc2 d4 25. Nxd4 Ba8 26. Nxf5 exf5 27. Bd4 Qb7 28. Kf1 Qh1+ 29. Ke2 Bf3+ 30. Ke3 Qxd1 31. e6 Rc2 32.
Qa4 Qe2+ 33. Kf4 Qe4+ 0-1

[Event "Early-Titled-Tuesday-Blitz-October-24-2023"]
[Site "Chess.com"]
[Date "2023.10.24"]
[Round "11"]
[White "LuisFSiles"]
[Black "Matols"]
[Result "0-1"]
[WhiteElo "2279"]
[BlackElo "2386"]
[TimeControl "180+1"]
[EndTime "10:02:06 PDT"]
[Termination "Matols won on time"]

1. e4 e6 2. d4 d5 3. e5 c5 4. c3 Nc6 5. Nf3 Qb6 6. a3 Nh6 7. b4 cxd4 8. cxd4 Nf5 9. Be3 Bd7 10. Bd3 Nxe3 11. fxe3 f6 12. O-O fxe5 13. b5 Nxd4 14. exd4 e4 15. Bxe4 dxe4 16. Ne5 O-O-O 17. Nc3 Bc5 18.
Na4 Bxd4+ 19. Kh1 Qd6 20. Nf7 Qd5 21. Rc1+ Kb8 22. Nxh8 Rxh8 23. Rf7 Bxb5 24. Rcc7 Bc6 25. Rxc6 bxc6 26. Qb1+ Qb5 27. Qxe4 Qxa4 0-1

[Event "Early-Titled-Tuesday-Blitz-October-24-2023"]
[Site "Chess.com"]
[Date "2023.10.24"]
[Round "11"]
[White "miraitrunks"]
[Black "NowInChess"]
[Result "1-0"]
[WhiteElo "2108"]
[BlackElo "2185"]
[TimeControl "180+1"]
[EndTime "10:02:06 PDT"]
[Termination "miraitrunks won by resignation"]

1. e4 e6 2. Nf3 d5 3. Nc3 Nf6 4. e5 Nfd7 5. d4 c5 6. dxc5 Nc6 7. Bf4 Bxc5 8. Bd3 f6 9. Qe2 O-O 10. exf6 Qxf6 11. Bg5 Qf7 12. O-O a6 13. Rfe1 Nd4 14. Nxd4 Bxd4 15. Qxe6 Bxf2+ 16. Kh1 Bxe1 17. Qxf7+ Rxf7 18. Rxe1 h6 19. Bh4 Nf6 20. Bg6 Rf8 21. Bxf6 gxf6 22.
Nxd5 Bg4 23. h3 Bd7 24. Re7 Bc6 25. Nc7 Rad8 26. Ne6 Rd1+ 27. Kh2 Rc8 28. Rg7+ Kh8 29. Rh7+ Kg8 30. Rg7+ Kh8 31. Bf5 Rd2 32. Rg3 Rg8 33. Bg6 Re2 34. Nf4 Rxc2 35. Bxc2 Rxg3 36. Kxg3 Kg7 37. Nh5+ Kf7 38. Kf2 Ke6 39. g4 Kf7 40.
Ke3 Bd5 41. a3 Bc4 42. Kf4 Be6 43. Ng3 b6 44. Nf5 a5 45. Nd6+ Ke7 46. Nf5+ Kd7 47. Nxh6 Kc6 48. Nf5 Kc5 49. h4 Bf7 50. h5 b5 51. h6 Bg6 52. Ne3 Bxc2 53. Nxc2 b4 54. axb4+ axb4 55. Nxb4 Kxb4 56. h7 Kb3 57. h8=Q Kxb2 58.
Qxf6+ Kc2 59. g5 1-0

[Event "Early-Titled-Tuesday-Blitz-October-24-2023"]
[Site "Chess.com"]
[Date "2023.10.24"]
[Round "11"]
[White "OK97"]
[Black "sergeikim"]
[Result "1-0"]
[WhiteElo "2764"]
[BlackElo "2602"]
[TimeControl "180+1"]
[EndTime "10:02:09 PDT"]
[Termination "OK97 won by resignation"]

1. d4 Nf6 2. Nf3 g6 3. g3 d6 4. Bg2 Bg7 5. O-O O-O 6. Re1 c6 7. e4 Qc7 8. a4 a5 9. Nc3 e5 10. h3 Re8 11. Be3 Na6 12. Qd2 Nb4 13. Rad1 Be6 14. Ng5 Bc4 15. b3 Ba6 16. Kh2 Rad8 17. Qc1 h6 18. Nf3 exd4 19. Nxd4 Kh7 20. f4 Nd7 21.
Bf2 Nc5 22. Qd2 b6 23. Nde2 Qe7 24. Bd4 Bxd4 25. Nxd4 Qf6 26. Qf2 Kg7 27. Rd2 Re7 28. e5 dxe5 29. Nf5+ Qxf5 30. Rxd8 Nxc2 31. g4 Nd3 32.
gxf5 Nxf2 33. Rxe5 Rc7 34. fxg6 Kxg6 35. Rd2 1-0

[Event "Early-Titled-Tuesday-Blitz-October-24-2023"]
[Site "Chess.com"]
[Date "2023.10.24"]
[Round "11"]
[White "kidagent"]
[Black "Happy1712Drummer"]
[Result "0-1"]
[WhiteElo "2265"]
[BlackElo "2368"]
[TimeControl "180+1"]
[EndTime "10:02:10 PDT"]
[Termination "Happy1712Drummer won by resignation"]

1. c4 e6 2. g3 d5 3. cxd5 exd5 4. Bg2 c5 5. Nf3 Nc6 6. O-O Nf6 7. d4 Be7 8. Nc3 O-O 9. Bg5 c4 10. Ne5 Be6 11. Nxc6 bxc6 12. Re1 Rb8 13. Qc2 Qb6 14.
e4 Qxb2 15. Qxb2 Rxb2 16. e5 Bb4 17. exf6 Bxc3 18. Red1 Re8 19. Rab1 h6 20. Bf4 gxf6 21. Bxh6 Bf5 22. Rxb2 Bxb2 23. Bf3 c3 24. Kf1 c2 0-1

[Event "Early-Titled-Tuesday-Blitz-October-24-2023"]
[Site "Chess.com"]
[Date "2023.10.24"]
[Round "11"]
[White "vladgoncharov"]
[Black "wanyaland"]
[Result "1-0"]
[WhiteElo "2573"]
[BlackElo "2455"]
[TimeControl "180+1"]
[EndTime "10:02:11 PDT"]
[Termination "vladgoncharov won by resignation"]

1. d4 d5 2. c4 e6 3. Nc3 Nf6 4. cxd5 exd5 5. Bg5 c6 6. e3 h6 7. Bh4 Be6 8. Qb3 Qb6 9. Qc2 Nbd7 10. Bd3 a6 11. Nge2 Bd6 12. a3 Rc8 13. b4 a5 14.
Na4 Qa7 15. O-O O-O 16. Nc5 b6 17. Nxe6 fxe6 18. Bg3 e5 19. Bf5 Rc7 20. Be6+ Kh8 21. Qg6 Qb8 22. Bxd7 Rxd7 23. bxa5 bxa5 24. Rab1 Qc7 25.
Rfc1 exd4 26. Nxd4 Bxg3 27. hxg3 Qd6 28. Rxc6 Qxa3 29.
Rxf6 gxf6 30. Nf5 Rh7 31. Rb6 a4 32. Kh2 Qa1 33. Re6 a3 34. Re8 1-0

[Event "Early-Titled-Tuesday-Blitz-October-24-2023"]
[Site "Chess.com"]
[Date "2023.10.24"]
[Round "11"]
[White "JuniorJumper"]
[Black "MasterKroket"]
[Result "1-0"]
[WhiteElo "2623"]
[BlackElo "2512"]
[TimeControl "180+1"]
[EndTime "10:02:12 PDT"]
[Termination "JuniorJumper won by resignation"]

1. d4 Nf6 2. c4 g6 3. Nc3 Bg7 4. e4 d6 5. Nf3 O-O 6. Be2 e5 7. Be3 Nc6 8. d5 Ne7 9. Nd2 a5 10. a3 h6 11. b4 axb4 12. axb4 Rxa1 13. Qxa1 Ng4 14. Bxg4 Bxg4 15. f3 Bd7 16. c5 f5 17.
cxd6 cxd6 18. O-O g5 19. Nc4 Nc8 20. Qa5 Kh7 21. Qxd8 Rxd8 22. Ra1 Bf6 23. Ra8 b5 24. Na3 Kg6 25. Naxb5 g4 26. Na7 gxf3 27. gxf3 fxe4 28.
fxe4 Nxa7 29. Rxd8 Bxd8 30. Bxa7 Kg5 31. Kf2 Kg4 32.
b5 Kh3 33. b6 Bc8 34. Nb5 Kxh2 35. Nxd6 Ba6 36. b7 Bc7 37. b8=Q Bxb8 38. Bxb8 h5 39.
Nf7 h4 40. Nxe5 h3 41. d6 Bb5 42. d7 Bxd7 43. Nxd7+ Kh1 44. Bf4 h2 45. Bxh2 Kxh2 1-0

[Event "Early-Titled-Tuesday-Blitz-October-24-2023"]
[Site "Chess.com"]
[Date "2023.10.24"]
[Round "11"]
[White "EdmundPlayer"]
[Black "publicaccountcze"]
[Result "1-0"]
[WhiteElo "2212"]
[BlackElo "2279"]
[TimeControl "180+1"]
[EndTime "10:02:12 PDT"]
[Termination "EdmundPlayer won on time"]

1. Nc3 c6 2. e4 d6 3. d4 g6 4. g3 Bg7 5. Bg2 Nf6 6. Nge2 O-O 7. h3 e5 8. Be3 a5 9. Qd2 b5 10. Rd1 b4 11. Na4 exd4 12. Bxd4 Ba6 13. Bb6 Qe7 14. Qxd6 Qxd6 15. Rxd6 Bb5 16. Nc5 Ne8 17. Rd8 Bf6 18. Rd2 Bxb2 19. O-O Bf6 20. Rfd1 Na6 21. Nd7 Be5 22. Nxf8 Kxf8 23. Bd4 Bc7 24. f4 c5 25. Be3 c4 26. Nd4 Bd7 27. e5 Rb8 28. Bd5 Bxh3 29. Bxc4 Nc5 30. Nc6 1-0

[Event "Early-Titled-Tuesday-Blitz-October-24-2023"]
[Site "Chess.com"]
[Date "2023.10.24"]
[Round "11"]
[White "ferrufino64"]
[Black "C_K_G"]
[Result "0-1"]
[WhiteElo "2185"]
[BlackElo "1912"]
[TimeControl "180+1"]
[EndTime "10:02:13 PDT"]
[Termination "C_K_G won by resignation"]

1. e4 c5 2. Nf3 d6 3. d4 cxd4 4. Nxd4 Nf6 5. Nc3 a6 6. Be3 e5 7. Nb3 Be6 8. f3 Be7 9. Qd2 Nbd7 10. O-O-O b5 11. g4 Qc7 12. h4 Nb6 13. Bxb6 Qxb6 14. Kb1 h5 15. g5 Nd7 16. Bh3 O-O 17. g6 Nf6 18. gxf7+ Bxf7 19. Rhg1 Kh8 20. Rg2 b4 21. Nd5 Nxd5 22. exd5 Bf6 23. Qe2 a5 24. Nd2 a4 25.
Ne4 a3 26. b3 Rac8 27. Bxc8 Rxc8 28. Nxf6 gxf6 29. f4 Qc5 30. Qd2 Kh7 31. fxe5 dxe5 32. d6 Bg6 33. Rxg6 Kxg6 34. d7 Rd8 35. Qd3+ Kf7 36.
Qh7+ Ke6 37. Qd3 Qc3 38. Qd5+ Ke7 39. Qd6+ Kf7 40. Qd5+ Kg7 41. Rg1+ Kh6 42. Kc1 Qa1+ 43. Kd2 Qxg1 44. Qf7 Qd4+ 45. Kc1 e4 46. Qe7 Rxd7 47. Qh7+ Kxh7 0-1

[Event "Early-Titled-Tuesday-Blitz-October-24-2023"]
[Site "Chess.com"]
[Date "2023.10.24"]
[Round "11"]
[White "campochess"]
[Black "johnmez"]
[Result "1-0"]
[WhiteElo "2208"]
[BlackElo "2285"]
[TimeControl "180+1"]
[EndTime "10:02:19 PDT"]
[Termination "campochess won on time"]

1. d4 Nf6 2. Bg5 Ne4 3. h4 c5 4. d5 d6 5. Bf4 g6 6. f3 Nf6 7. e4 Bg7 8. Nc3 Na6 9. Qd2 h5 10. Bb5+ Bd7 11. Bxa6 bxa6 12. Nh3 Rb8 13. Rb1 Bb5 14. Nf2 Nd7 15. a4 Bc4 16. b3 a5 17.
Ne2 Bxe2 18. Qxe2 O-O 19. O-O Qb6 20. Kh1 Ne5 21. Nd1 c4 22. Ne3 cxb3 23. cxb3 Qd4 24.
Rfd1 Qb4 25. Nc2 Qb6 26. Be3 Qb7 27. Nd4 Nd7 28. Nc6 Rbc8 29. Nxe7+ Kh8 30. Nxc8 Rxc8 31.
Rdc1 Re8 32. Qb5 Qxb5 33. axb5 f5 34. Rc7 Nf6 35. Bxa7 fxe4 36. b6 exf3 37. gxf3 Nxd5 38. Rxg7 Kxg7 39. b7 1-0

[Event "Early-Titled-Tuesday-Blitz-October-24-2023"]
[Site "Chess.com"]
[Date "2023.10.24"]
[Round "11"]
[White "verrbaa"]
[Black "balachess2006"]
[Result "1-0"]
[WhiteElo "2472"]
[BlackElo "2564"]
[TimeControl "180+1"]
[EndTime "10:02:20 PDT"]
[Termination "verrbaa won by checkmate"]

1. e4 c5 2. Nf3 Nc6 3. Nc3 g6 4. d4 cxd4 5. Nxd4 Bg7 6. Nb3 Nf6 7. Be2 O-O 8. Bg5 a5 9. a4 d6 10. Qd2 Be6 11. O-O Bxb3 12. cxb3 Nd7 13. Bh6 Nc5 14. Bxg7 Kxg7 15. Bc4 Nb4 16. f4 Qb6 17. Kh1 Rad8 18.
Rf3 Ne6 19. f5 Nd4 20. Rh3 h5 21. Qg5 Qc5 22. Rxh5 Rh8 23. Bxf7 Qe5 24. Qxg6+ Kf8 25. Be6 Nxe6 26. fxe6 Nd3 27. Qf7# 1-0

[Event "Early-Titled-Tuesday-Blitz-October-24-2023"]
[Site "Chess.com"]
[Date "2023.10.24"]
[Round "11"]
[White "Zhigalko_Sergei"]
[Black "FairChess_on_YouTube"]
[Result "0-1"]
[WhiteElo "2960"]
[BlackElo "3096"]
[TimeControl "180+1"]
[EndTime "10:02:22 PDT"]
[Termination "FairChess_on_YouTube won on time"]

1. e4 g6 2. d4 Bg7 3. Nc3 a6 4.
Nf3 b5 5. a4 b4 6. Ne2 Bb7 7. Ng3 d6 8. Bd3 Nf6 9. O-O O-O 10. Re1 Nfd7 11. Be3 c5 12. c3 Nc6 13. Qd2 Na5 14. Rad1 Bc6 15. cxb4 cxb4 16. Qxb4 Rb8 17. Qa3 Rb3 18. Qa2 Qb8 19. Bc1 Qb6 20. Bc2 Rb4 21.
Ne2 Rc8 22. Nc3 Bb7 23. Ng5 Nc4 24. a5 Qxa5 25. Bb3 Qxa2 26. Bxa2 Nxb2 27. Bxb2 Rxb2 28. Bxf7+ Kf8 29. Be6 Rxc3 30. Bxd7 Rcc2 31. Ne6+ Kg8 32. Rb1 Rxf2 33. Rxb2 Rxb2 0-1

[Event "Early-Titled-Tuesday-Blitz-October-24-2023"]
[Site "Chess.com"]
[Date "2023.10.24"]
[Round "11"]
[White "Maect19"]
[Black "Khromkin"]
[Result "1/2-1/2"]
[WhiteElo "2310"]
[BlackElo "2504"]
[TimeControl "180+1"]
[EndTime "10:02:23 PDT"]
[Termination "Game drawn by repetition"]

1. d4 d5 2. Nf3 a6 3. e3 Bg4 4.
Nbd2 e6 5. h3 Bh5 6. Bd3 c5 7.
O-O c4 8. Be2 f5 9. Ne5 Bxe2 10.
Qxe2 Nf6 11. f4 Nbd7 12. c3 Bd6 13. b3 b5 14. a4 O-O 15. Ba3 Bxa3 16. Rxa3 Nxe5 17.
fxe5 Ne4 18. Nxe4 fxe4 19. Rxf8+ Qxf8 20. b4 a5 21. axb5 axb4 22. Rxa8 Qxa8 23. cxb4 Qb7 24. Qg4 Qb6 25. Kf2 c3 26. Ke1 Kf8 27. Qh4 h6 28. Qf2+ Ke8 29. Qe2 Qa7 30. Qc2 Qa1+ 31. Ke2 Qb2 32. Kd1 Qxb4 33. b6 Kd7 34. Qa2 Qxb6 35. Kc2 Qb2+ 36. Qxb2 cxb2 37. Kxb2 Kc6 38. Kc3 Kb5 39. Kb3 g6 40. g3 Ka5 41. Ka3 Kb5 42.
Kb3 g5 43. g4 Ka5 44. Ka3 Kb5 45. Kb3 Ka5 46. Ka3 Kb5 47. Kb3 1/2-1/2